TOP OF THE 1ST |
University of South Carolina Gamecocks batting - Pitching for Stanford University Cardinal : RHP Warren Waldman
|
Pitching: RHP Warren Waldman
|
|
Batting: LHB Chris McNay
|
0-0: Called Strike 0-1: Ball 1-1: Foul Ball, location: 2F 1-2: Strikes out swinging
|
Batting: LHB Bert Webster
|
0-0: Ground out 4-3 (Groundball, 4S, EV 67.5 MPH)
|
Batting: SHB Keith Mihas
|
0-0: Called Strike 0-1: Ball 1-1: Ball 2-1: Swinging Strike 2-2: Ball 3-2: Base on Balls
|
Batting: RHB Justin Kurutz
|
0-0: Reached on error, E6 (Groundball, 6, EV 91.2 MPH) Keith Mihas to second
|
Batting: RHB Brian Passalacqua
|
0-0: Fielders Choice at 2nd, U6 (Groundball, 6M, EV 90.6 MPH)
|
Top of the 1st over - 0 runs, 0 hits, 1 error, 2 left on base; University of South Carolina 0 - Stanford University 0 |
BOTTOM OF THE 1ST |
Stanford University Cardinal batting - Pitching for University of South Carolina Gamecocks : RHP Chris Kenny
|
Pitching: RHP Chris Kenny
|
|
Batting: RHB Brian Spry
|
0-0: SINGLE (Groundball, 56D, EV 101.2 MPH)
|
Batting: RHB Joe Gabriel
|
0-0: Ball 1-0: Called Strike 1-1: Ball 2-1: Foul Ball, location: 2F 2-2: Fielders Choice at 2nd, 4-6 (Groundball, 4, EV 84.4 MPH)
|
Batting: LHB Jason Duda
|
0-0: Foul Ball, location: 2F 0-1: Fly out, F7 (Flyball, 7LSF, EV 96.9 MPH)
|
Batting: LHB Danny Roberts
|
0-0: Called Strike Joe Gabriel steals 2nd base 0-1: Foul Ball, location: 2F 0-2: Ball 1-2: Ball 2-2: Foul Ball, location: 2F 2-2: Ground out U3 (Groundball, 3S, EV 68.8 MPH)
|
Bottom of the 1st over - 0 runs, 1 hit, 0 errors, 1 left on base; University of South Carolina 0 - Stanford University 0 |
TOP OF THE 2ND |
University of South Carolina Gamecocks batting - Pitching for Stanford University Cardinal : RHP Warren Waldman
|
Batting: RHB Phil Hanley
|
0-0: Ball 1-0: Fly out, F8 (Flyball, 8RD, EV 82.5 MPH)
|
Batting: LHB Jörg Young
|
0-0: Ball 1-0: Foul Ball, location: 2F 1-1: Swinging Strike 1-2: Ball 2-2: SINGLE (Line Drive, 8LS, EV 85.6 MPH)
|
Batting: RHB Ben Turner
|
0-0: Called Strike 0-1: Called Strike 0-2: Ball 1-2: Strikes out looking
|
Batting: RHB Jeff Swanson
|
0-0: Foul Ball, location: 2F 0-1: Called Strike 0-2: Ball 1-2: Strikes out swinging
|
Top of the 2nd over - 0 runs, 1 hit, 0 errors, 1 left on base; University of South Carolina 0 - Stanford University 0 |
BOTTOM OF THE 2ND |
Stanford University Cardinal batting - Pitching for University of South Carolina Gamecocks : RHP Chris Kenny
|
Batting: RHB Nick Maxwell
|
0-0: Ball 1-0: Ball 2-0: Foul Ball, location: 2F 2-1: Foul Ball, location: 2F 2-2: Foul Ball, location: 2F 2-2: Fly out, F8 (Flyball, 8RXD, EV 89.4 MPH)
|
Batting: LHB Chien Sam
|
0-0: Ball 1-0: Foul Ball, location: 2F 1-1: Called Strike 1-2: Ground out U3 (Groundball, 3S, EV 93.1 MPH)
|
Batting: RHB Kaulana Kelii
|
0-0: Swinging Strike 0-1: Foul Ball, location: 2F 0-2: Ground out 6-3 (Groundball, 6, EV 100.6 MPH)
|
Bottom of the 2nd over - 0 runs, 0 hits, 0 errors, 0 left on base; University of South Carolina 0 - Stanford University 0 |
TOP OF THE 3RD |
University of South Carolina Gamecocks batting - Pitching for Stanford University Cardinal : RHP Warren Waldman
|
Batting: LHB Chris McNay
|
0-0: Ball 1-0: Ball 2-0: Ball 3-0: Base on Balls
|
Batting: LHB Bert Webster
|
0-0: Foul Ball, location: 2F 0-1: SINGLE (Groundball, 4MD, EV 111.2 MPH) Chris McNay to second Runner from 2nd tries for 3rd, SAFE, no throw by CF
|
Batting: SHB Keith Mihas
|
0-0: Ball 1-0: Swinging Strike 1-1: Foul Ball, location: 2F 1-2: Ground out 6-3 (Groundball, 6M, EV 93.8 MPH) Chris McNay scores Bert Webster to second
|
Batting: RHB Justin Kurutz
|
0-0: SINGLE (Groundball, 5S, EV 67.5 MPH) (infield hit) Bert Webster to third
|
Batting: RHB Brian Passalacqua
|
0-0: Fly out, F7 (Flyball, 7D, EV 101.9 MPH) Runner from 3rd tags up, SCORES, no throw by LF
|
Batting: RHB Phil Hanley
|
0-0: Ball 1-0: Swinging Strike 1-1: Foul Ball, location: 2F 1-2: Ball 2-2: Strikes out swinging
|
Top of the 3rd over - 2 runs, 2 hits, 0 errors, 1 left on base; University of South Carolina 2 - Stanford University 0 |
BOTTOM OF THE 3RD |
Stanford University Cardinal batting - Pitching for University of South Carolina Gamecocks : RHP Chris Kenny
|
Batting: RHB John Van der Linden
|
0-0: Ball 1-0: Called Strike 1-1: Ball 2-1: Ball 3-1: Base on Balls
|
Batting: RHB Josh Benefield
|
0-0: Fly out, F6 (Popup, 6S, EV 61.9 MPH)
|
Batting: RHB Brian Spry
|
0-0: Foul Ball, location: 2F 0-1: Ball 1-1: SINGLE (Line Drive, 9S, EV 96.9 MPH) John Van der Linden to second Runner from 2nd tries for 3rd, SAFE, no throw by RF
|
Batting: RHB Joe Gabriel
|
0-0: Swinging Strike 0-1: SINGLE (Line Drive, 89S, EV 89.4 MPH) John Van der Linden scores Brian Spry to second Runner from 2nd tries for 3rd, SAFE, throw by CF made to third
|
Batting: LHB Jason Duda
|
0-0: Called Strike 0-1: Swinging Strike 0-2: Ball 1-2: Strikes out swinging
|
Batting: LHB Danny Roberts
|
0-0: Ball 1-0: Fly out, F8 (Flyball, 8RM, EV 88.1 MPH)
|
Bottom of the 3rd over - 1 run, 2 hits, 0 errors, 2 left on base; University of South Carolina 2 - Stanford University 1 |
TOP OF THE 4TH |
University of South Carolina Gamecocks batting - Pitching for Stanford University Cardinal : RHP Warren Waldman
|
Batting: LHB Jörg Young
|
0-0: Called Strike 0-1: Foul Ball, location: 2F 0-2: Ball 1-2: Fly out, F4 (Popup, 3DF, EV 51.9 MPH)
|
Batting: RHB Ben Turner
|
0-0: Ball 1-0: Ball 2-0: Ball 3-0: Called Strike 3-1: Fly out, F8 (Flyball, 8RD, EV 106.2 MPH)
|
Batting: RHB Jeff Swanson
|
0-0: Ball 1-0: Ball 2-0: Called Strike 2-1: Ball 3-1: Base on Balls
|
Batting: LHB Chris McNay
|
0-0: Ball 1-0: Ball 2-0: Ball 3-0: Called Strike 3-1: Base on Balls Jeff Swanson to second
|
Batting: LHB Bert Webster
|
0-0: Ball 1-0: Ball 2-0: Called Strike 2-1: Ground out U3 (Groundball, 3, EV 96.2 MPH)
|
Top of the 4th over - 0 runs, 0 hits, 0 errors, 2 left on base; University of South Carolina 2 - Stanford University 1 |
BOTTOM OF THE 4TH |
Stanford University Cardinal batting - Pitching for University of South Carolina Gamecocks : RHP Chris Kenny
|
Batting: RHB Nick Maxwell
|
0-0: Foul Ball, location: 2F 0-1: Ball 1-1: Ball 2-1: Ball 3-1: Foul Ball, location: 2F 3-2: Ground out 1-3 (Groundball, P, EV 68.8 MPH)
|
Batting: LHB Chien Sam
|
0-0: Ball 1-0: Ball 2-0: Foul Ball, location: 2F 2-1: Foul Ball, location: 2F 2-2: Foul Ball, location: 2F 2-2: Ball 3-2: SINGLE (Groundball, 34D, EV 97.5 MPH)
|
Batting: RHB Kaulana Kelii
|
0-0: Ball 1-0: Ball 2-0: Called Strike 2-1: Ball 3-1: Called Strike 3-2: Base on Balls Chien Sam to second
|
Batting: RHB John Van der Linden
|
0-0: Ball 1-0: SINGLE (Groundball, 4MD, EV 95.6 MPH) Chien Sam to third Kaulana Kelii to second
|
Batting: RHB Josh Benefield
|
0-0: Ball 1-0: SINGLE (Groundball, 25, EV 67.5 MPH) (infield hit) Chien Sam scores Kaulana Kelii to third John Van der Linden to second
|
Batting: RHB Brian Spry
|
0-0: Ball 1-0: Ball 2-0: Ball 3-0: Called Strike 3-1: Grounds into double play, 5-4-3 (Groundball, 56S, EV 86.9 MPH)
|
Bottom of the 4th over - 1 run, 3 hits, 0 errors, 2 left on base; University of South Carolina 2 - Stanford University 2 |
TOP OF THE 5TH |
University of South Carolina Gamecocks batting - Pitching for Stanford University Cardinal : RHP Warren Waldman
|
Batting: SHB Keith Mihas
|
0-0: Called Strike 0-1: Called Strike 0-2: Ball 1-2: Ball 2-2: Ground out 4-3 (Groundball, 4, EV 107.5 MPH)
|
Batting: RHB Justin Kurutz
|
0-0: Called Strike 0-1: Ground out 6-3 (Groundball, 6S, EV 82.5 MPH)
|
Batting: RHB Brian Passalacqua
|
0-0: Called Strike 0-1: Fly out, F9 (Flyball, 9, EV 91.2 MPH)
|
Top of the 5th over - 0 runs, 0 hits, 0 errors, 0 left on base; University of South Carolina 2 - Stanford University 2 |
BOTTOM OF THE 5TH |
Stanford University Cardinal batting - Pitching for University of South Carolina Gamecocks : RHP Chris Kenny
|
Batting: RHB Joe Gabriel
|
0-0: Foul Ball, location: 2F 0-1: Ground out 6-3 (Groundball, 56, EV 104.4 MPH)
|
Batting: LHB Jason Duda
|
0-0: Ball 1-0: Called Strike 1-1: Foul Ball, location: 2F 1-2: Strikes out swinging
|
Batting: LHB Danny Roberts
|
0-0: Foul Ball, location: 2F 0-1: Fly out, F8 (Line Drive, 8LD, EV 100.0 MPH)
|
Bottom of the 5th over - 0 runs, 0 hits, 0 errors, 0 left on base; University of South Carolina 2 - Stanford University 2 |
TOP OF THE 6TH |
University of South Carolina Gamecocks batting - Pitching for Stanford University Cardinal : RHP Warren Waldman
|
Batting: RHB Phil Hanley
|
0-0: Ball 1-0: Ball 2-0: Foul Ball, location: 2F 2-1: Foul Ball, location: 2F 2-2: Strikes out swinging
|
Pitching: RHP Cam Hurley
|
|
Batting: LHB Jörg Young
|
0-0: SINGLE (Groundball, 6M, EV 104.4 MPH) (infield hit)
|
Batting: RHB Ben Turner
|
0-0: Swinging Strike 0-1: Ball 1-1: Grounds into double play, 6-4-3 (Groundball, 6, EV 100.0 MPH)
|
Top of the 6th over - 0 runs, 1 hit, 0 errors, 0 left on base; University of South Carolina 2 - Stanford University 2 |
BOTTOM OF THE 6TH |
Stanford University Cardinal batting - Pitching for University of South Carolina Gamecocks : RHP Chris Kenny
|
Pitching: RHP Danny Ramos
|
|
Batting: RHB Nick Maxwell
|
0-0: Ball 1-0: Called Strike 1-1: SINGLE (Groundball, 6MD, EV 105.0 MPH)
|
Batting: LHB Chien Sam
|
0-0: Sac Bunt to 13S - play at first, batter OUT! 1-3 Nick Maxwell to second
|
Batting: RHB Kaulana Kelii
|
0-0: Called Strike 0-1: Ball 1-1: Ground out 4-3 (Groundball, 34, EV 100.6 MPH) Nick Maxwell to third
|
Batting: RHB John Van der Linden
|
0-0: Called Strike 0-1: SINGLE (Groundball, 56D, EV 102.5 MPH) Nick Maxwell scores
|
Batting: RHB Josh Benefield
|
0-0: Called Strike 0-1: SINGLE (Groundball, 56S, EV 65.6 MPH) (infield hit) John Van der Linden to second
|
Batting: RHB Brian Spry
|
0-0: Foul Ball, location: 2F 0-1: Fly out, F8 (Flyball, 8RXD, EV 108.8 MPH)
|
Bottom of the 6th over - 1 run, 3 hits, 0 errors, 2 left on base; University of South Carolina 2 - Stanford University 3 |
TOP OF THE 7TH |
University of South Carolina Gamecocks batting - Pitching for Stanford University Cardinal : RHP Cam Hurley
|
Batting: RHB Jeff Swanson
|
0-0: Called Strike 0-1: Foul Ball, location: 2F 0-2: Foul Ball, location: 2F 0-2: Ball 1-2: Ball 2-2: Strikes out swinging
|
Batting: LHB Chris McNay
|
0-0: Called Strike 0-1: Called Strike 0-2: Ball 1-2: Fly out, F7 (Flyball, 7, EV 81.9 MPH)
|
Batting: LHB Bert Webster
|
0-0: Called Strike 0-1: Ball 1-1: Ball 2-1: Ground out U3 (Groundball, 3L, EV 103.1 MPH)
|
Top of the 7th over - 0 runs, 0 hits, 0 errors, 0 left on base; University of South Carolina 2 - Stanford University 3 |
BOTTOM OF THE 7TH |
Stanford University Cardinal batting - Pitching for University of South Carolina Gamecocks : RHP Danny Ramos
|
Pitching: RHP Trent Lipinski
|
|
Batting: RHB Joe Gabriel
|
0-0: Ball 1-0: Called Strike 1-1: Swinging Strike 1-2: Ball 2-2: Fly out, F7 (Flyball, 78S, EV 86.9 MPH)
|
Batting: LHB Jason Duda
|
0-0: Ball 1-0: Called Strike 1-1: Swinging Strike 1-2: Ball 2-2: Strikes out swinging
|
Batting: LHB Danny Roberts
|
0-0: Foul Ball, location: 2F 0-1: Foul Ball, location: 2F 0-2: Strikes out swinging
|
Bottom of the 7th over - 0 runs, 0 hits, 0 errors, 0 left on base; University of South Carolina 2 - Stanford University 3 |
TOP OF THE 8TH |
University of South Carolina Gamecocks batting - Pitching for Stanford University Cardinal : RHP Cam Hurley
|
Pitching: LHP Larry Steen
|
|
Now in LF: Bryan Davidson
|
|
Batting: SHB Keith Mihas
|
0-0: Ball 1-0: Called Strike 1-1: SINGLE (Line Drive, 78M, EV 105.0 MPH)
|
Batting: RHB Justin Kurutz
|
0-0: Called Strike 0-1: Ball 1-1: Called Strike 1-2: Fielders Choice at 2nd, 6-4 (Groundball, 6, EV 108.8 MPH)
|
Batting: RHB Brian Passalacqua
|
0-0: Called Strike 0-1: Swinging Strike 0-2: SINGLE (Groundball, 56D, EV 103.1 MPH) Justin Kurutz to second
|
Batting: RHB Phil Hanley
|
0-0: Foul Ball, location: 2F 0-1: Ball 1-1: Ball 2-1: Ball 3-1: Base on Balls Justin Kurutz to third Brian Passalacqua to second
|
Pitching: LHP Joe Alverson
|
|
Batting: LHB Jörg Young
|
0-0: Swinging Strike 0-1: Ball 1-1: DOUBLE (Flyball, 8LXD, EV 100.0 MPH) Justin Kurutz scores Brian Passalacqua scores Phil Hanley to third
|
Batting: RHB Ben Turner
|
0-0: Ground out 4-3 (Groundball, 4S, EV 88.8 MPH)
|
Batting: RHB Jeff Swanson
|
0-0: Ball 1-0: Foul Ball, location: 2F 1-1: Swinging Strike 1-2: Foul Ball, location: 2F 1-2: Ball 2-2: Strikes out swinging
|
Top of the 8th over - 2 runs, 3 hits, 0 errors, 2 left on base; University of South Carolina 4 - Stanford University 3 |
BOTTOM OF THE 8TH |
Stanford University Cardinal batting - Pitching for University of South Carolina Gamecocks : RHP Trent Lipinski
|
Batting: RHB Nick Maxwell
|
0-0: Ball 1-0: Called Strike 1-1: Foul Ball, location: 2F 1-2: Foul Ball, location: 2F 1-2: Strikes out swinging
|
Batting: LHB Chien Sam
|
0-0: Called Strike 0-1: Fly out, F8 (Flyball, 8LM, EV 86.9 MPH)
|
Batting: RHB Kaulana Kelii
|
0-0: Foul Ball, location: 2F 0-1: Ball 1-1: DOUBLE (Line Drive, 3D, EV 96.9 MPH)
|
Batting: RHB John Van der Linden
|
0-0: Called Strike 0-1: Foul Ball, location: 2F 0-2: Ball 1-2: Strikes out looking
|
Bottom of the 8th over - 0 runs, 1 hit, 0 errors, 1 left on base; University of South Carolina 4 - Stanford University 3 |
TOP OF THE 9TH |
University of South Carolina Gamecocks batting - Pitching for Stanford University Cardinal : LHP Joe Alverson
|
Batting: LHB Chris McNay
|
0-0: Swinging Strike 0-1: Ball 1-1: Foul Ball, location: 2F 1-2: Ball 2-2: Foul Ball, location: 2F 2-2: SINGLE (Groundball, 34D, EV 102.5 MPH)
|
Batting: LHB Bert Webster
|
0-0: Called Strike 0-1: Foul Ball, location: 2F 0-2: Foul Ball, location: 2F 0-2: Foul Ball, location: 2F 0-2: Strikes out swinging
|
Batting: SHB Keith Mihas
|
0-0: Ball 1-0: Ball Chris McNay steals 2nd base 2-0: Foul Ball, location: 2F 2-1: Foul Ball, location: 2F 2-2: Ground out 5-3 (Groundball, 5, EV 81.9 MPH)
|
Pitching: LHP Carlton Hookway
|
|
Batting: RHB Justin Kurutz
|
0-0: Called Strike 0-1: Ball 1-1: Foul Ball, location: 2F 1-2: Fly out, F4 (Line Drive, 4, EV 73.1 MPH)
|
Top of the 9th over - 0 runs, 1 hit, 0 errors, 1 left on base; University of South Carolina 4 - Stanford University 3 |
BOTTOM OF THE 9TH |
Stanford University Cardinal batting - Pitching for University of South Carolina Gamecocks : RHP Trent Lipinski
|
Pitching: RHP Nelson Knopp
|
|
Now at 2B: Danny Narvaez
|
|
Pinch Hitting: RHB Teh-huai Jiang
|
0-0: Fly out, F9 (Flyball, 9S, EV 83.8 MPH)
|
Batting: RHB Brian Spry
|
0-0: Called Strike 0-1: Swinging Strike 0-2: Ball 1-2: Fly out, F9 (Flyball, 9, EV 91.9 MPH)
|
Batting: RHB Joe Gabriel
|
0-0: Called Strike 0-1: Ball 1-1: SINGLE (Line Drive, 4D, EV 101.2 MPH)
|
Batting: LHB Jason Duda
|
0-0: Foul Ball, location: 2F 0-1: Called Strike 0-2: Ball 1-2: Fly out, F9 (Flyball, 89M, EV 97.5 MPH)
|
Bottom of the 9th over - 0 runs, 1 hit, 0 errors, 1 left on base; University of South Carolina 4 - Stanford University 3 |
|